AoeStats
← pahabhai

Arena

504519746Analyzed
1v1 RM · 25d ago on Sep 5, 2026· 49m 36s· 2 players
Game mode
Random Map
Map size
Tiny (2 player)
Population
200
Speed
Normal
Resources
Standard
Victory
Conquest
Starting age
Dark Age
Ending age
Imperial Age
RankedLock teamsTeams togetherTeam positionsShared explorationLock speedFull tech treeHidden civsTurbo modeCheats
Victory
Defeat
🇺🇸 Persians · United States
839
+17
🇮🇳 Chinese · India
860
-46
kaveh_a
8:57 Feudal Age
17:57 Castle Age
16:01 Horse Collar
17:38 Wheelbarrow
30:56 Imperial Age
28:59 Double-Bit Axe
29:18 Heavy Plow
29:13 Gold Mining
29:17 Stone Mining
30:36 Kamandaran
30:53 Murder Holes
31:19 Ballistics
31:10 Masonry
30:56 Fletching
32:57 Hand Cart
33:15 Bow Saw
33:44 Crossbowman
34:30 Thumb Ring
34:38 Citadels
34:54 Conscription
35:29 Crop Rotation
36:39 Chemistry
36:22 Architecture
36:42 Town Watch
36:43 Loom
38:28 Two-Man Saw
37:28 Bodkin Arrow
37:34 Padded Archer Armor
37:39 Scale Barding Armor
43:01 Hoardings
43:27 Leather Archer Armor
43:24 Forging
43:34 Chain Barding Armor
45:01 Stone Shaft Mining
45:05 Gold Shaft Mining
47:10 Elite War Elephant
49:53 Ring Archer Armor
49:59 Plate Barding Armor
49:59 Iron Casting
49:25 Scale Mail Armor
pahabhai
11:04 Feudal Age
11:29 Horse Collar
11:37 Double-Bit Axe
13:43 Loom
14:52 Gold Mining
18:43 Wheelbarrow
20:34 Wheelbarrow
22:20 Castle Age
21:33 Forging
24:13 Bow Saw
23:37 Pikeman
24:17 Squires
24:29 Heavy Plow
26:06 Husbandry
27:28 Gold Shaft Mining
33:21 Imperial Age
32:03 Scale Mail Armor
32:38 Iron Casting
32:54 Ballistics
33:22 Chain Mail Armor
33:08 Stone Mining
34:26 Wheelbarrow
35:16 Two-Man Saw
34:58 Halberdier
41:47 Heavy Rocket Cart
43:33 Rocketry
43:33 Hand Cart
44:08 Conscription
Connection lost

Rejoining the realm…

Still unreachable

The connection could not be restored.

Session expired

The server has moved on; the page needs a fresh start.